 Dungeon Crawl Stone Soup version 0.30.1-11-g7821555f0a (webtiles) character file.

Game seed: 8482659496905043925

28 Martska the Trooper (level 3, -7/29 HPs)
             Began as a Demonspawn Fighter on Dec 13, 2023.
             Killed by nerve-wracking pain
             ... invoked by Jessica
              (13 damage)
             ... on level 2 of the Dungeon.
             The game lasted 00:00:47 (859 turns).

Martska the Trooper (Demonspawn Fighter)             Turns: 859, Time: 00:00:48

Health: -7/29      AC:  6    Str: 18    XL:     3   Next: 0%
Magic:  3/3        EV:  9    Int:  9    God:
Gold:   72         SH:  4    Dex: 12    Spells: 2/2 levels left

rFire   . . .        i - +0 spear
rCold   . . .        c - +0 buckler
rNeg    . . .        b - +0 scale mail
rPois   .            (no helmet)
rElec   .            (no cloak)
rCorr   .            (no gloves)
SInv    .            (no boots)
Will    .....        (no amulet) Stlth
                     (no ring)
HPRegen 0.24/turn    (no ring)
MPRegen 0.08/turn

%: no passive effects
@: no status effects
A: powered by death 1
a: no special abilities


You were on level 2 of the Dungeon.
You visited 1 branch of the dungeon, and saw 2 of its levels.

You collected 72 gold pieces.

Inventory:

Hand Weapons
 i - a +0 spear (weapon)
Armour
 b - a +0 scale mail (worn)
 c - a +0 buckler (worn)
Scrolls
 e - a scroll of enchant weapon {unknown}
 h - a scroll of silence {unknown}
 k - a scroll of teleportation {unknown}
Potions
 a - a potion of lignification {unknown}
 d - a potion of might
 f - 2 potions of brilliance {unknown}
 g - 2 potions of curing {unknown}
 j - a potion of ambrosia {unknown}


   Skills:
 * Level 3.4 Fighting
 - Level 1.7 Polearms
 + Level 2.9 Armour
 * Level 1.1 Dodging
 + Level 2.9 Shields


You had 2 spell levels left.
You didn't know any spells.
Your spell library was empty.

Dungeon Overview and Level Annotations

Branches:
Dungeon (2/15)

Altars:

Annotations:
D:2 Jessica


Innate Abilities, Weirdness & Mutations

You regenerate a little health from kills.


Message History

You are too injured to fight recklessly!
You are too injured to fight recklessly!
You are too injured to fight recklessly!
You are too injured to fight recklessly!
You are too injured to fight recklessly!
You are too injured to fight recklessly!
You are too injured to fight recklessly!
You are too injured to fight recklessly!
You are too injured to fight recklessly!
You are too injured to fight recklessly!
You are too injured to fight recklessly!
You are too injured to fight recklessly!
You are too injured to fight recklessly!
You are too injured to fight recklessly!
You are too injured to fight recklessly!
You are too injured to fight recklessly!
You are too injured to fight recklessly!
You miss the adder.
The adder is almost dead.
You feel sick.
You are no longer poisoned.
You block Jessica's attack. You block the adder's attack.
Jessica hits you with a +0 club.
* * * LOW HITPOINT WARNING * * *
The adder bites you but does no damage.
You closely miss the adder.
The adder is almost dead.
Jessica closely misses you. The adder barely misses you.
Jessica barely misses you.
You hit the adder.
You kill the adder!
Jessica hits you but does no damage.
You have reached level 3!
Your experience leads to an increase in your attributes!
Increase (S)trength, (I)ntelligence, or (D)exterity?
You feel stronger. x2
You barely miss Jessica. Jessica gestures at you while chanting.
Pain shoots through your body!
You die...

...........##.....###
.###.
..#..##..............
.... ..
#..###..........#
#.... #
#................###
##...
#...##..............
..... #.
##.####........ .#...
#.##.......... ...
#.#@.###...### ...
#..@## ##...> ...
#.†## #### ... .....
... ....... ##.
.#.<.## ... ..... ###
##.. ..#


You could see Jessica (fast).

Vanquished Creatures
  An adder (D:2)
  4 endoplasms
  2 giant cockroaches (D:1)
  A kobold (D:1)
  2 ball pythons
  3 bats
  2 frilled lizards (D:1)
  3 goblins (D:1)
  2 rats (D:1)
20 creatures vanquished.

Notes
Turn   | Place    | Note
-------+----------+-------------------------------------------
     0 | D:1      | Martska the Demonspawn Fighter began the quest for the Orb.
     0 | D:1      | Reached XP level 1. HP: 18/18 MP: 1/1
   296 | D:1      | Gained mutation: You regenerate a little health from kills.
                  | [demonic ancestry]
   296 | D:1      | Reached XP level 2. HP: 19/24 MP: 2/2
   844 | D:2      | Noticed Jessica
   848 | D:2      | Reached skill level 1 in Dodging
   859 | D:2      | Reached XP level 3. HP: 6/29 MP: 3/3
   859 | D:2      | Killed from afar by Jessica

Illustrated notes

Levels and vault maps discovered:
D:1:      dpeg_arrival_rooms_a, layout_loops_ring
D:2:      layout_rooms, hellmonk_ecumenical_altar_defaced_shrine, uniq_jessica

Skill      XL: |  1  2 |
---------------+-------+-----
Dodging        | 1 |  1.1
Fighting       | |  3.4
Polearms       | |  1.7
Armour         | |  2.9
Shields        | |  2.9

Action                     || total
---------------------------++-------
  Melee: Trident           ||    21
         Spear             ||    48
 Armour: Scale mail        ||    19
  Dodge: Dodged            ||    17
  Block: Buckler           ||    14
